 Dungeon Crawl Stone Soup version 0.21-a0-314-gb3271ec (webtiles) character file.

184 tidbits the Covered (level 5, -1/39 HPs)
             Began as a Gnoll Wanderer on Sept 29, 2017.
             Slain by Grinder (4 damage)
             ... while paralysed by Grinder
             ... on level 4 of the Dungeon.
             The game lasted 00:09:14 (1121 turns).

tidbits the Covered (Gnoll Wanderer)                Turns: 1121, Time: 00:09:15

Health: -1/39      AC:  9    Str: 15    XL:     5   Next: 63%
Magic:  9/9        EV:  2    Int: 17    God:
Gold:   181        SH:  0    Dex: 16    Spells: 10/10 levels left

rFire    . . .     SeeInvis .   d - +0 shortbow
rCold    . . .     Gourm    .   (shield currently unavailable)
rNeg     . . .     Faith    .   B - +2 scale mail
rPois    .         Spirit   .   (no helmet)
rElec    .         Reflect  .   (no cloak)
rCorr    .         Harm     .   (no gloves)
MR       .....                  (no boots)
Stlth    +.........             (no amulet)
HPRegen  0.13/turn              i - +4 ring of intelligence
MPRegen  0.11/turn              (no ring)

@: paralysed, hasted
A: distributed training, fangs 1, strong nose
a: no special abilities


You were on level 4 of the Dungeon.
You were not hungry.

You visited 1 branch of the dungeon, and saw 5 of its levels.

You collected 181 gold pieces.

Inventory:

Hand Weapons
 d - a +0 shortbow (weapon)
 e - a +0 short sword
Missiles
 a - a throwing net {!f}
 c - 37 arrows (quivered)
Armour
 B - a +2 scale mail (worn)
Jewellery
 i - a +4 ring of intelligence (left hand)
   (You found it on level 1 of the Dungeon)
Scrolls
 g - 3 scrolls of teleportation
 j - a scroll of fog
 k - a scroll of immolation
 r - 2 scrolls of remove curse
Potions
 h - a potion of haste
Comestibles
 b - a meat ration
 f - a bread ration
 l - 2 fruits
 m - 3 chunks of flesh


   Skills:
 + Level 2.6 Fighting
 + Level 1.3 Short Blades
 + Level 1.7 Long Blades
 + Level 1.3 Axes
 + Level 1.3 Maces & Flails
 + Level 1.7 Polearms
 + Level 0.0 Staves
 + Level 0.0 Slings
 + Level 2.8 Bows
 + Level 0.8 Crossbows
 + Level 2.6 Throwing
 + Level 6.6 Armour
 + Level 1.3 Dodging
 + Level 3.1 Stealth
   Level 0.0 Stabbing
 + Level 2.3 Shields
   Level 0.0 Traps
 + Level 2.0 Unarmed Combat
 + Level 3.3 Spellcasting
 + Level 0.8 Conjurations
 + Level 1.3 Hexes
 + Level 0.8 Charms
 + Level 2.0 Summonings
 + Level 1.7 Necromancy
 + Level 2.0 Translocations
 + Level 2.0 Transmutations
 + Level 1.7 Fire Magic
 + Level 2.3 Ice Magic
 + Level 1.3 Air Magic
 + Level 4.5 Earth Magic
 + Level 0.8 Poison Magic
 + Level 1.7 Invocations
 + Level 1.7 Evocations


You had 10 spell levels left.
You didn't know any spells.

Dungeon Overview and Level Annotations

Branches:
Dungeon (5/15)
 Temple: D:4-7

Altars:

Annotations:
D:4 Grinder


Innate Abilities, Weirdness & Mutations

Your experience applies equally to all skills.
You have very sharp teeth.
Your uncanny sense of smell can sniff out nearby items.


Message History

Firing (i - inventory. (,) - cycle):
c - 47 arrows (quivered)
Press: ? - help, Shift-Dir - straight line, f/p - Grinder
Aim: Grinder (heavily wounded)
You shoot an arrow. The arrow hits Grinder.
Grinder is heavily wounded.
Grinder blinks!
c - 50 arrows (gained 4)
You see here an adder corpse.
You see here 2 arrows.
Firing (i - inventory. (,) - cycle):
c - 50 arrows (quivered)
Press: ? - help, Shift-Dir - straight line, f/p - Grinder
Aim: Grinder (heavily wounded)
You shoot an arrow. The arrow hits Grinder.
Grinder is heavily wounded.
Firing (i - inventory. (,) - cycle):
c - 49 arrows (quivered)
Press: ? - help, Shift-Dir - straight line, f/p - Grinder
Aim: Grinder (heavily wounded)
You shoot an arrow. The arrow hits Grinder.
Grinder is heavily wounded.
Wield which item (- for none, * to show all)? (? for menu, Esc to quit)
Okay, then.
Unknown command.
Firing (i - inventory. (,) - cycle):
c - 48 arrows (quivered)
Press: ? - help, Shift-Dir - straight line, f/p - Grinder
Aim: Grinder (heavily wounded)
You shoot an arrow. The arrow hits Grinder!
Grinder is severely wounded.
Firing (i - inventory. (,) - cycle):
c - 47 arrows (quivered)
Press: ? - help, Shift-Dir - straight line, f/p - Grinder
Aim: Grinder (severely wounded)
You shoot an arrow. The arrow barely misses Grinder.
Grinder completely misses you.
Firing (i - inventory. (,) - cycle):
c - 46 arrows (quivered)
Press: ? - help, Shift-Dir - straight line, f/p - Grinder
Aim: Grinder (severely wounded)
You shoot an arrow. The arrow hits Grinder.
Grinder is severely wounded.
Grinder hits you.
* * * LOW HITPOINT WARNING * * *
Firing (i - inventory. (,) - cycle):
c - 45 arrows (quivered)
Press: ? - help, Shift-Dir - straight line, f/p - Grinder
Aim: Grinder (severely wounded)
You shoot an arrow.
The arrow hits Grinder but does no damage.
Grinder is severely wounded.
Grinder hits you!
* * * LOW HITPOINT WARNING * * *
Firing (i - inventory. (,) - cycle):
c - 44 arrows (quivered)
Press: ? - help, Shift-Dir - straight line, f/p - Grinder
Aim: Grinder (severely wounded)
You shoot an arrow. The arrow barely misses Grinder.
Firing (i - inventory. (,) - cycle):
c - 43 arrows (quivered)
Press: ? - help, Shift-Dir - straight line, f/p - Grinder
Aim: Grinder (severely wounded)
You shoot an arrow. The arrow closely misses Grinder.
Grinder hits you.
* * * LOW HITPOINT WARNING * * *
Firing (i - inventory. (,) - cycle):
c - 42 arrows (quivered)
Press: ? - help, Shift-Dir - straight line, f/p - Grinder
Aim: Grinder (severely wounded)
You shoot an arrow. The arrow hits Grinder.
Grinder is almost dead.
Grinder hits you but does no damage.
Firing (i - inventory. (,) - cycle):
c - 41 arrows (quivered)
Press: ? - help, Shift-Dir - straight line, f/p - Grinder
Aim: Grinder (almost dead)
You shoot an arrow. The arrow closely misses Grinder.
Grinder hits you.
* * * LOW HITPOINT WARNING * * *
Firing (i - inventory. (,) - cycle):
c - 40 arrows (quivered)
Press: ? - help, Shift-Dir - straight line, f/p - Grinder
Aim: Grinder (almost dead)
You shoot an arrow.
The arrow hits Grinder but does no damage.
Grinder is almost dead.
Firing (i - inventory. (,) - cycle):
c - 39 arrows (quivered)
Press: ? - help, Shift-Dir - straight line, f/p - Grinder
Aim: Grinder (almost dead)
You shoot an arrow. The arrow barely misses Grinder.
Grinder hits you.
* * * LOW HITPOINT WARNING * * *
You writhe in agony.
* * * LOW HITPOINT WARNING * * *
Firing (i - inventory. (,) - cycle):
c - 38 arrows (quivered)
Press: ? - help, Shift-Dir - straight line, f/p - Grinder
Aim: Grinder (almost dead)
You shoot an arrow. The arrow barely misses Grinder.
Grinder blinks!
Firing (i - inventory. (,) - cycle):
c - 37 arrows (quivered)
Press: ? - help, Shift-Dir - straight line, f/p - Grinder
Aim: Grinder (almost dead)
You shoot an arrow. The arrow closely misses Grinder.
Grinder blinks!
c - 38 arrows (gained 2)
Okay, then.
Okay, then.
Firing (i - inventory. (,) - cycle):
c - 38 arrows (quivered)
Press: ? - help, Shift-Dir - straight line, f/p - Grinder
Aim: Grinder (almost dead)
You shoot an arrow. The arrow barely misses Grinder.
Grinder gestures at you.
You suddenly lose the ability to move!
Grinder hits you but does no damage. Grinder hits you.
You die...

#.# ## #. #<# .. #. ##
#.# ##.##. ...# #.# ...
.## #.. .. #.# ......
....#S##.##.#
.##.#.#?##(............#
........((.(...#.##.####
#@# ..# # #5###.....
#.(..((... ######...# ∆
∆ #


You could see Grinder.

Vanquished Creatures
  An ogre (D:2)
  A worker ant (D:4)
  3 adders
  2 worms
  6 leopard geckos
  2 bats (D:2)
  8 goblins
  5 hobgoblins
  6 kobolds
  A quokka (D:3)
  3 frilled lizards
  4 rats
42 creatures vanquished.

Notes
Turn   | Place    | Note
-------+----------+-------------------------------------------
     0 | D:1      | tidbits the Gnoll Wanderer began the quest for the Orb.
     0 | D:1      | tidbits set off with: a +2 scale mail, a +0 shortbow, 28 arrows, a potion of lignification, a bread ration
     0 | D:1      | Reached XP level 1. HP: 17/17 MP: 4/4
   159 | D:1      | Reached XP level 2. HP: 23/23 MP: 5/5
   172 | D:1      | Reached skill level 1 in Shields
   204 | D:1      | Reached skill level 1 in Unarmed Combat
   299 | D:2      | Reached skill level 1 in Ice Magic
   326 | D:2      | Reached skill level 1 in Transmutations
   376 | D:2      | Reached skill level 1 in Axes
   376 | D:2      | Reached skill level 1 in Summonings
   376 | D:2      | Reached XP level 3. HP: 23/28 MP: 7/7
   423 | D:2      | Noticed an ogre
   433 | D:2      | Killed an ogre
   433 | D:2      | Reached skill level 1 in Short Blades
   433 | D:2      | Reached skill level 1 in Long Blades
   433 | D:2      | Reached skill level 1 in Polearms
   433 | D:2      | Reached skill level 2 in Unarmed Combat
   433 | D:2      | Reached skill level 3 in Spellcasting
   433 | D:2      | Reached skill level 1 in Hexes
   433 | D:2      | Reached skill level 2 in Summonings
   433 | D:2      | Reached skill level 1 in Necromancy
   433 | D:2      | Reached skill level 1 in Translocations
   433 | D:2      | Reached skill level 2 in Transmutations
   433 | D:2      | Reached skill level 2 in Ice Magic
   433 | D:2      | Reached skill level 1 in Evocations
   433 | D:2      | Reached XP level 4. HP: 16/34 MP: 8/8
   433 | D:2      | Reached XP level 5. HP: 18/39 MP: 9/9
   438 | D:2      | Reached skill level 1 in Dodging
   438 | D:2      | Reached skill level 1 in Invocations
   440 | D:2      | Reached skill level 3 in Stealth
   480 | D:2      | Reached skill level 1 in Maces & Flails
   626 | D:3      | Reached skill level 1 in Fire Magic
   941 | D:5      | Entered Level 5 of the Dungeon
  1074 | D:4      | Reached skill level 2 in Shields
  1074 | D:4      | Reached skill level 2 in Translocations
  1074 | D:4      | Reached skill level 1 in Air Magic
  1081 | D:4      | Noticed Grinder
  1107 | D:4      | HP: 2/39 [Grinder (4)]
  1118 | D:4      | Paralysed by Grinder for 3 turns
  1121 | D:4      | Slain by Grinder

Vault maps used:
D:1:      lightli_arrival_quake, minmay_unequal
D:3:      grunt_decor_clamped
D:4:      serial_shops, shop, first_bread, trog_hazing_becter, uniq_natasha,
          uniq_grinder
D:5:      due_unseen_surprise, uniq_edmund

Skill      XL: |  1  2  3  4  5 |
---------------+----------------+-----
Shields        | 1 2 |  2.3
Unarmed Combat | 1 2 |  2.0
Ice Magic      | 1 2 |  2.3
Transmutations | 1 2 |  2.0
Axes           | 1 |  1.3
Summonings     | 1 2 |  2.0
Short Blades   | 1 |  1.3
Long Blades    | 1 |  1.7
Polearms       | 1 |  1.7
Spellcasting   | 3 |  3.3
Hexes          | 1 |  1.3
Necromancy     | 1 |  1.7
Translocations | 1 2 |  2.0
Evocations     | 1 |  1.7
Dodging        | 1 |  1.3
Invocations    | 1 |  1.7
Stealth        | 3 |  3.1
Maces & Flails | 1 |  1.3
Fire Magic     | 1 |  1.7
Air Magic      | 1 |  1.3
Fighting       | |  2.6
Bows           | |  2.8
Crossbows      | |  0.8
Throwing       | |  2.6
Armour         | |  6.6
Conjurations   | |  0.8
Charms         | |  0.8
Earth Magic    | |  4.5
Poison Magic   | |  0.8

Action                   |  1- 3 |  4- 6 || total
-------------------------+-------+-------++-------
Melee: Short sword       |     4 |    18 ||    22
       Bite              |     1 |       ||     1
       Unarmed           |     7 |     8 ||    15
       Punch             |       |     1 ||     1
 Fire: Shortbow          |    62 |    86 ||   148
  Use: Scroll            |     1 |     4 ||     5
       Potion            |     1 |     1 ||     2
  Eat: Fruit             |       |     1 ||     1
Armor: Scale mail        |     8 |    32 ||    40
       Skin              |     8 |     6 ||    14
Dodge: Dodged            |    14 |    32 ||    46

Table legend:
 A = Spawn XP
 B = Non-spawn XP
 C = Spawn XP percentage of total XP
 D = Spawn monster count
 E = Non-spawn monster count
 F = Spawn count percentage of total count
 G = Total turns spent on level
                    A         B        C        D         E        F      G
               +---------+---------+-------+---------+---------+-------+---------
         Total |       0 |     263 |   0.0 |       0 |      42 |   0.0 |  1121
               +---------+---------+-------+---------+---------+-------+---------
           D:1 |       0 |      20 |   0.0 |       0 |      11 |   0.0 |   271
           D:2 |       0 |     180 |   0.0 |       0 |      21 |   0.0 |   403
           D:3 |       0 |      18 |   0.0 |       0 |       8 |   0.0 |   349
           D:4 |       0 |      45 |   0.0 |       0 |       2 |   0.0 |    96
               +---------+---------+-------+---------+---------+-------+---------

Table legend:
 A = Turns spent in this place as a percentage of turns spent in the entire game.
 B = Non-inter-level travel turns spent in this place as a percentage of non-inter-level travel turns spent in the entire game.
 C = Inter-level travel turns spent in this place as a percentage of turns spent in this place.
 D = Turns resting spent in this place as a percentage of non-inter-level travel turns spent in this place.
 E = Turns spent auto-exploring this place as a percentage of non-inter-level travel turns spent in this place.
 F = Non-inter-level travel turns spent in this place divided by the number of levels of this place that you've seen.
                   A       B       C       D       E      F
               +-------+-------+-------+-------+-------+----------------------
         Total | 100.0 | 100.0 |   5.3 |   0.0 |   0.0 | 212.4
       Dungeon | 100.0 | 100.0 |   5.3 |   0.0 |   0.0 | 212.4
               +-------+-------+-------+-------+-------+----------------------

Table legend:
 A = Kills in this place as a percentage of kills in entire the game.
 B = Kills by you in this place as a percentage of kills by you in the entire game.
 C = Kills by friends in this place as a percentage of kills by friends in the entire game.
 D = Other kills in this place as a percentage of other kills in the entire game.
 E = Experience gained in this place as a percentage of experience gained in the entire game.
 F = Experience gained in this place divided by the number of levels of this place that you have seen.
                   A       B       C       D       E      F
               +-------+-------+-------+-------+-------+----------------------
         Total | 100.0 | 100.0 |   N/A |   N/A | 100.0 |  52.6
       Dungeon | 100.0 | 100.0 |   N/A |   N/A | 100.0 |  52.6
               +-------+-------+-------+-------+-------+----------------------

Vault maps used:
D:1:      lightli_arrival_quake, minmay_unequal
D:3:      grunt_decor_clamped
D:4:      serial_shops, shop, first_bread, trog_hazing_becter, uniq_natasha,
          uniq_grinder
D:5:      due_unseen_surprise, uniq_edmund
